 Dungeon Crawl Stone Soup version 0.26-a0-980-g0fe3eaa9ac (webtiles) character file.

Game seed: 9732190190746623997

2999 pablito the Martial Artist (level 9, -5/68 HPs)
             Began as a Black Draconian Transmuter on Dec 6, 2020.
             Was a Believer of Wu Jian.
             Slain by Harold
             ... wielding a +0 short sword
              (9 damage)
             ... on level 7 of the Dungeon.
             The game lasted 00:27:33 (6333 turns).

pablito the Martial Artist (DrTm)                   Turns: 6333, Time: 00:27:33

Health: -5/68      AC:  2    Str: 12    XL:     9   Next: 54%
Magic:  13/13      EV: 21    Int: 14    God:    Wu Jian [**....]
Gold:   310        SH:  0    Dex: 20    Spells: 8/14 levels left

rFire    + . .     SeeInvis .     - Unarmed
rCold    + . .     Faith    .   (shield currently unavailable)
rNeg     . . .     Spirit   .   (armour unavailable)
rPois    x         Reflect  .   (helmet currently unavailable)
rElec    .         Harm     .   (cloak currently unavailable)
rCorr    .         Rampage  .   (gloves currently unavailable)
MR       .....                  (boots currently unavailable)
Stlth    ++........             d - amulet of regeneration
HPRegen  0.61/turn              a - ring of protection from cold
MPRegen  0.13/turn              t - ring of protection from fire

@: mighty, spider-form (expiring), marked
A: tiny, (breathe lightning), unfitting armour, AC +7
a: End Transformation, Wall Jump, Renounce Religion


You were on level 7 of the Dungeon.
You worshipped Wu Jian.
Wu Jian was pleased with you.
You were a venomous arachnid creature.
You visited 1 branch of the dungeon, and saw 7 of its levels.

You collected 310 gold pieces.

Inventory:

Missiles
 p - 4 silver boomerangs
Armour
 j - a +0 cloak (melded)
 k - a +2 pair of boots (melded)
Jewellery
 a - a ring of protection from cold (left front leg)
 d - an amulet of regeneration (around neck)
 l - an uncursed ring of resist corrosion
 t - a ring of protection from fire (right front leg)
Wands
 v - a wand of iceblast (14)
 A - a wand of paralysis (10)
Scrolls
 c - 6 scrolls of identify
 g - 2 scrolls of remove curse
 m - a scroll of enchant weapon
 n - 2 scrolls of amnesia
 y - 2 scrolls of blinking
Potions
 b - 4 potions of brilliance
 e - a potion of haste
 f - 3 potions of degeneration {unknown}
 h - 2 potions of flight {unknown}
 i - a potion of might
 o - 3 potions of curing
 q - 2 potions of heal wounds {unknown}
 r - 2 potions of invisibility {unknown}
 s - a potion of attraction {unknown}
 z - 2 potions of cancellation {unknown}


   Skills:
 - Level 2.7 Fighting
 - Level 2.7 Dodging
 + Level 9.5 Unarmed Combat
 - Level 3.0 Spellcasting
 + Level 9.2 Transmutations


You had 8 spell levels left.
You knew the following spells:

 Your Spells              Type           Power        Failure   Level
a - Beastly Appendage     Tmut           ####..       3%          1
b - Spider Form           Tmut/Pois      ###.......   24%         3
c - Wereblood             Tmut           ####....     4%          2

Your spell library contained the following spells:

 Spells                   Type           Power        Failure   Level
 Blade Hands              Tmut           ####......   32%         5
 Animate Skeleton         Necr           #.....       43%         1
 Apportation              Tloc           #.....       43%         1
 Corona                   Hex            #......      43%         1
 Foxfire                  Conj/Fire      #...         43%         1
 Summon Small Mammal      Summ           #...         43%         1
 Ice Form                 Ice/Tmut       ###.....     54%         4
 Conjure Flame            Conj/Fire      #.......     75%         3
 Inner Flame              Hex/Fire       #.......     75%         3
 Sticky Flame             Conj/Fire      #.......     98%         4
 Fireball                 Conj/Fire      #.........   100%        5


Dungeon Overview and Level Annotations

Branches:
Dungeon (7/15)             Temple (0/1) D:6

Altars:
Cheibriados
Nemelex Xobeh
Qazlal
Uskayaw
Vehumet
Wu Jian

Annotations:
D:7 Harold


Innate Abilities, Weirdness & Mutations

((You can breathe wild blasts of lightning.))
((Your glossy black scales are hard. (AC +7)))
You cannot fit into any form of body armour.
((You are resistant to electric shocks. (rElec)))
((You are cold-blooded and may be slowed by cold attacks.))


Message History

You bite Harold!
Harold looks as sick as possible!
Harold is heavily wounded.
Your transformation is almost over.
Harold hits you with a +0 short sword!
* * * LOW HITPOINT WARNING * * *
You bite Harold!
Harold looks as sick as possible!
Harold is heavily wounded.
Harold misses you.
You bite Harold!
Harold looks as sick as possible!
Harold is severely wounded.
Harold misses you. Harold fires a harpoon shot at you.
The harpoon shot hits you!
* * * LOW HITPOINT WARNING * * *
You are yanked forward by the harpoon shot.
Things that are here:
a +0 mace; a +0 scale mail You feel very mighty all of a sudden.
Harold hits you with a +0 short sword!
You die...

#########
#########.......# ##
#...(.()#.......#
#..#.......#...$...#
#..#)..#...#.......#
#.o@..###..'.......##
#..#s..#...#.........
#. #.......#.......##
# #.......#.........
#########........#
########.# #.# #.#
..# $##


You could see Harold (extremely poisoned) and an orc.

Vanquished Creatures
  Pikel (D:4)
  Grinder (D:4)
  Duvessa (D:4)
  An orc warrior (D:7)
  An ice beast (D:6)
  A sky beast (D:7)
  3 ogres
  2 lemures (D:4)
  2 centaurs
  2 bullfrogs (D:7)
  Dowan (D:4)
  4 scorpions
  A howler monkey (D:5)
  3 hounds
  A jelly (D:6)
  Crazy Yiuf (D:2)
  2 centaur skeletons
  5 orc priests
  3 iguanas
  A bullfrog skeleton (D:6)
  9 orc wizards
  3 worker ants
  Natasha (thrice) (D:3)
  Ijyb (D:4)
  Terence (D:3)
  A hound skeleton (D:4)
  6 adders
  A white imp (D:6)
  2 ufetubi (D:7)
  4 oozes
  2 adder skeletons
  3 worms
  2 dart slugs
  2 leopard geckos
  27 orcs
  4 ball pythons
  11 bats
  5 giant cockroaches
  9 goblins
  9 hobgoblins
  13 jackals
  9 kobolds
  2 quokkas
  13 frilled lizards
  8 rats
187 creatures vanquished.

Vanquished Creatures (others)
  3 plants (D:2)
3 creatures vanquished.

Grand Total: 190 creatures vanquished

Notes
Turn   | Place    | Note
-------+----------+-------------------------------------------
     0 | D:1      | pablito the Draconian Transmuter began the quest for the
                  | Orb.
     0 | D:1      | Reached XP level 1. HP: 16/16 MP: 3/3
    47 | D:1      | HP: 1/16 [goblin/+2 dagger of speed (1)]
    50 | D:1      | Reached XP level 2. HP: 2/23 MP: 1/5
   681 | D:1      | Reached XP level 3. HP: 29/29 MP: 4/6
  1515 | D:2      | Noticed an ogre
  1560 | D:2      | Killed an ogre
  1561 | D:2      | Reached XP level 4. HP: 25/37 MP: 5/8
  1561 | D:2      | Reached XP level 5. HP: 28/42 MP: 5/9
  1869 | D:2      | Found a runed translucent door.
  1870 | D:2      | Noticed Crazy Yiuf
  2020 | D:2      | Killed Crazy Yiuf
  2210 | D:3      | Noticed Natasha
  2224 | D:3      | Killed Natasha
  2258 | D:3      | Reached XP level 6. HP: 39/50 MP: 8/10
  2400 | D:3      | Learned a level 3 spell: Spider Form
  2403 | D:3      | Learned a level 2 spell: Wereblood
  2487 | D:3      | Noticed Natasha
  2494 | D:3      | Killed Natasha
  2505 | D:3      | Noticed Natasha
  2520 | D:3      | Killed Natasha
  2661 | D:3      | Noticed Terence
  2703 | D:3      | Killed Terence
  2757 | D:3      | Found a hide-covered altar of Uskayaw.
  3424 | D:4      | Reached skill level 5 in Unarmed Combat
  3575 | D:4      | Found a snail-covered altar of Cheibriados.
  3575 | D:4      | Found a radiant altar of Vehumet.
  3580 | D:4      | Found an ornate altar of the Wu Jian Council.
  3583 | D:4      | Found a sparkling altar of Nemelex Xobeh.
  3585 | D:4      | Found a faded altar of an unknown god.
  3590 | D:4      | Became a worshipper of the Wu Jian Council
  3694 | D:4      | Found a stormy altar of Qazlal.
  3751 | D:4      | Noticed Grinder
  3769 | D:4      | Killed Grinder
  3770 | D:4      | Reached skill level 5 in Transmutations
  3770 | D:4      | Your scales start taking on a glossy black colour.
  3770 | D:4      | Reached XP level 7. HP: 13/56 MP: 11/11
  3770 | D:4      | Gained mutation: You are resistant to electric shocks.
                  | (rElec) [Black Draconian growth]
  3925 | D:4      | Noticed Pikel
  3934 | D:4      | Killed Pikel
  3935 | D:4      | Reached XP level 8. HP: 29/62 MP: 12/12
  4269 | D:4      | Noticed Ijyb
  4289 | D:4      | Killed Ijyb
  4368 | D:4      | Noticed Duvessa
  4368 | D:4      | Noticed Dowan
  4378 | D:4      | Killed Duvessa
  4438 | D:4      | Killed Dowan
  4469 | D:5      | Entered Level 5 of the Dungeon
  4547 | D:5      | Reached * piety under Wu Jian
  4960 | D:5      | Reached XP level 9. HP: 46/68 MP: 8/13
  5666 | D:6      | Found a staircase to the Ecumenical Temple.
  6182 | D:7      | Reached ** piety under Wu Jian
  6309 | D:7      | Noticed Harold
  6332 | D:7      | HP: 3/68 [Harold/harpoon shot (14)]
  6333 | D:7      | Slain by Harold

Illustrated notes

Levels and vault maps discovered:
D:1:      dpeg_arrival_water_temple_mockup, layout_loops_cross,
          serial_bayou_pond_c, minmay_misc_feat_x
D:2:      layout_loops_ring, serial_forest, infiniplex_forest_lined_3_way,
          infiniplex_forest_straight_2, infiniplex_forest_straight_4,
          infiniplex_forest_lined_2, infiniplex_forest_clump_long,
          infiniplex_forest_clump_cross, minmay_misc_feat_hallway,
          uniq_crazy_yiuf_cottage
D:3:      layout_basic, lemuel_crystal_altar, serial_bayou_pond_d, uniq_natasha,
          uniq_terence
D:4:      layout_basic, lemuel_coloured_pillars_altar,
          chequers_temple_overflow_minitemple, uniq_ijyb, uniq_pikel,
          uniq_duvessa, uniq_grinder
D:5:      layout_loops_ring, chequers_serial_rivers_small_a, st_stairs_5,
          minmay_misc_feat_rugged
D:6:      layout_gridville, minmay_temple_entry_antechambers
D:7:      layout_rooms, nicolae_ossuary_entry_monument,
          kennysheep_generic_room_8, uniq_harold

Skill      XL: |  1  2  3  4  5  6  7  8  9 |
---------------+----------------------------+-----
Dodging        | 2 |  2.7
Fighting       | 2 |  2.7
Transmutations | 3 5 6 8 9 |  9.2
Spellcasting   | 3 |  3.0
Unarmed Combat | 4 5 6 8 9 |  9.5

Action                   |  1- 3 |  4- 6 |  7- 9 || total
-------------------------+-------+-------+-------++-------
Melee: Unarmed           |   110 |   199 |   290 ||   599
       Tailslap          |     6 |    11 |    19 ||    36
       Kick              |    17 |    39 |    37 ||    93
       Headbutt          |     8 |    36 |    26 ||    70
       Punch             |       |     4 |     8 ||    12
 Cast: Beastly Appendage |    28 |    29 |    21 ||    78
       Wereblood         |       |       |     3 ||     3
       Spider Form       |       |       |     8 ||     8
Invok: Lunge             |       |     3 |    20 ||    23
       Whirlwind         |       |       |     6 ||     6
 Abil: Breathe Lightning |       |       |     3 ||     3
  Use: Scroll            |       |     7 |     8 ||    15
       Potion            |       |       |     2 ||     2
 Stab: Sleeping          |       |       |     1 ||     1
Armor: Skin              |    42 |    57 |    66 ||   165
Dodge: Dodged            |    65 |   117 |   223 ||   405

Table legend: (Time is in decaauts)
 A = Elapsed time spent in this place.
 B = Non-inter-level travel time spent in this place.
 C = Inter-level travel time spent in this place.
 D = Time resting spent in this place.
 E = Time spent auto-exploring this place.
 F = Levels seen in this place.
 G = Mean time per level.
                   A        B        C        D        E       F      G
               +--------+--------+--------+--------+--------+-----+--------+
         Total |   6269 |   5779 |    490 |    153 |   4141 |   7 |  895.6 |
       Dungeon |   6269 |   5779 |    490 |    153 |   4141 |   7 |  895.6 |
               +--------+--------+--------+--------+--------+-----+--------+

Top non-repeatable levels by time:
     D:3: 1322 daAuts
     D:1: 1161 daAuts
     D:4: 1047 daAuts
     D:5: 979 daAuts
     D:2: 900 daAuts
     D:6: 627 daAuts
     D:7: 231 daAuts
